 Dungeon Crawl Stone Soup version 0.23-a0-470-g6f7cfd9 (webtiles) character file.

298 Amnesiac the Ducker (level 6, -6/38 HPs)
             Began as a Deep Elf Fighter on Nov 26, 2018.
             Killed from afar by an orc wizard (10 damage)
             ... with a magic dart
             ... on level 3 of the Dungeon.
             The game lasted 00:03:36 (2161 turns).

Amnesiac the Ducker (Deep Elf Fighter)              Turns: 2161, Time: 00:03:37

Health: -6/38      AC: 10    Str: 18    XL:     6   Next: 13%
Magic:  8/8        EV:  6    Int: 18    God:
Gold:   36         SH:  0    Dex: 14    Spells: 5/5 levels left

rFire    . . .     SeeInvis .   a - +0 long sword
rCold    . . .     Gourm    .   c - +0 shield
rNeg     . . .     Faith    .   e - +0 chain mail
rPois    +         Spirit   .   (no helmet)
rElec    .         Reflect  .   k - +0 cloak
rCorr    .         Harm     .   (no gloves)
MR       .....                  (no boots)
Stlth    ..........             (no amulet)
HPRegen  0.12/turn              (no ring)
MPRegen  0.11/turn              (no ring)

@: confused, mighty, brilliant
A: talons 1, poison resistance, weak 1
a: no special abilities


You were on level 3 of the Dungeon.
You were hungry.

You visited 1 branch of the dungeon, and saw 3 of its levels.

You collected 36 gold pieces.

Inventory:

Hand Weapons
 a - a +0 long sword (weapon)
 b - a +2 dagger of flaming
Armour
 c - a +0 shield (worn)
 e - a +0 chain mail (worn)
 h - a +0 scale mail
 k - a +0 cloak (worn)
Scrolls
 g - a scroll of blinking {!r, unknown}
 i - 4 scrolls of remove curse {!r, unknown}
 l - a scroll of teleportation {!r, unknown}
 m - 3 scrolls of magic mapping {!r, unknown}
 o - a scroll of immolation {!r, unknown}
Comestibles
 f - 3 rations
 p - 8 chunks of flesh


   Skills:
 * Level 3.8 Fighting
 - Level 2.0 Long Blades
 * Level 3.8 Armour
 + Level 3.8 Dodging
 - Level 2.4 Shields


You had 5 spell levels left.
You didn't know any spells.
Your spell library was empty.

Dungeon Overview and Level Annotations

Branches:
Dungeon (3/15)

Altars:


Innate Abilities, Weirdness & Mutations

You have sharp toenails.
Your system is resistant to poisons. (rPois)
You are weak. (Str -2)


Message History

You feel less confused.
You hear some strange, mumbled words.
A puff of flame appears from out of thin air!
The puff of flame misses you.
You closely miss something.
Something hits you but does no damage. x2
You barely miss something. Something hits you but does no damage.
Press: ? - help, v - describe, . - travel
Here: an orc, wielding a +2 dagger of venom The floor.
You closely miss something.
You hear some strange, mumbled words.
A puff of flame appears from out of thin air!
The puff of flame hits you!
* * * LOW HITPOINT WARNING * * *
You block something's attack.
Your shield and chain mail prevent you from hitting something.
Something hits you but does no damage.
You completely miss something.
You hear some strange, mumbled words.
A puff of flame appears from out of thin air!
The puff of flame hits you!
* * * LOW HITPOINT WARNING * * *
You miss something.
You hear some strange, mumbled words.
A magic dart appears from out of thin air!
The magic dart hits you!
* * * LOW HITPOINT WARNING * * *
Something hits you but does no damage.
Really quaff
j - an emerald potion {!q}?
It was a potion of brilliance {!q}.
You feel clever all of a sudden. Something hits you but does no damage.
Really quaff
q - a bubbling blue potion {!q}?
Okay, then.
Really quaff
n - a bubbling ruby potion {!q}?
It was a potion of magic {!q}.
Magic courses through your body. Something hits you but does no damage.
Really quaff
q - a bubbling blue potion {!q}?
It was a potion of mutation {!q}.
You feel extremely strange.
You feel weaker.
You feel resistant to poisons.
Your toenails lengthen and sharpen.
Something completely misses you.
You miss something. You claw something! Something hits you but does no damage.
You completely miss something. Something hits you but does no damage.
Some of the chunks of flesh in your inventory have rotted away.
You aren't carrying any items that you can evoke.
Unknown command.
You closely miss something.
You are feeling hungry.
Something hits you but does no damage. x2
Eat one of 8 chunks of flesh? (ye/n/q)
Okay, then.
You miss something. Something hits you but does no damage.
You miss something. Something hits you but does no damage.
You hear some strange, mumbled words.
You are confused.
You bump into the rock wall.
Something hits you but does no damage.
You see here a giant cockroach corpse.
You completely miss something. Something hits you but does no damage.
You miss something.
You hear some strange, mumbled words.
A magic dart appears from out of thin air!
The magic dart hits you!
You die...

.......o...........÷....)...#♣
#.#.#.#.####.#######..##.##...
#.#..#.# ### #...##.####. #
#.##.## ##.###...... . #...#
###.######### #. #...#
######......#
#...####.........).# #.
#..).)o†...##.#..#.#
##.##....###@..##........
...............##.#..#.#...
$....................#.....
..............###......#...
##.##....####.# #.#.####.. .#
#. #...).....# #.#.. . #
##...####### #.### #.
#.......)..# #.########### ...
#....#(###.# #.......##...


You could see an orc.

Vanquished Creatures
  An ogre (D:2)
  2 orc wizards (D:3)
  A worker ant (D:2)
  7 adders (D:2)
  An ooze (D:2)
  A worm (D:1)
  A leopard gecko (D:3)
  7 orcs (D:3)
  2 ball pythons (D:1)
  4 bats
  6 giant cockroaches
  6 goblins
  3 hobgoblins
  4 jackals
  4 frilled lizards
  4 kobolds
  3 rats
57 creatures vanquished.

Notes
Turn   | Place    | Note
-------+----------+-------------------------------------------
     0 | D:1      | Amnesiac the Deep Elf Fighter began the quest for the Orb.
     0 | D:1      | Reached XP level 1. HP: 13/13 MP: 3/3
   154 | D:1      | Reached skill level 1 in Dodging
   249 | D:1      | Reached XP level 2. HP: 15/18 MP: 4/4
   597 | D:2      | Reached XP level 3. HP: 8/22 MP: 5/5
  1066 | D:2      | Noticed an ogre
  1068 | D:2      | Killed an ogre
  1068 | D:2      | Reached XP level 4. HP: 24/28 MP: 6/6
  1068 | D:2      | Reached XP level 5. HP: 27/32 MP: 7/7
  2130 | D:3      | Reached XP level 6. HP: 26/38 MP: 8/8
  2151 | D:3      | Gained mutation: You are weak. (Str -2) [potion of
                  | mutation]
  2151 | D:3      | Gained mutation: Your system is resistant to poisons.
                  | (rPois) [potion of mutation]
  2151 | D:3      | Gained mutation: You have sharp toenails. [potion of
                  | mutation]
  2161 | D:3      | Killed from afar by an orc wizard

Vault maps used:
D:1:      minmay_arrival_three_doors, serial_forest, infiniplex_forest_clump_C,
          infiniplex_forest_lined_room_2, infiniplex_forest_clump_medium,
          infiniplex_forest_end_2, infiniplex_forest_clump_tiny,
          infiniplex_forest_straight_2
D:2:      uniq_natasha
D:3:      serial_forest, infiniplex_forest_end_1,
          infiniplex_forest_clump_curved, infiniplex_forest_split,
          infiniplex_forest_end_2, infiniplex_forest_clump_medium,
          infiniplex_forest_clump_medium, infiniplex_forest_lined_corner,
          first_ration

Skill      XL: |  1  2  3 |
---------------+----------+-----
Long Blades    | 2 |  2.0
Dodging        | 1 2 3 |  3.8
Fighting       | 3 |  3.8
Armour         | 3 |  3.8
Shields        | |  2.4

Action                   |  1- 3 |  4- 6 || total
-------------------------+-------+-------++-------
Melee: Long sword        |    53 |   140 ||   193
       Dagger            |    32 |       ||    32
       Kick              |       |     1 ||     1
Evoke: Wand              |     1 |     3 ||     4
  Use: Potion            |       |     4 ||     4
  Eat: Chunk             |     1 |     3 ||     4
Armor: Scale mail        |    14 |       ||    14
       Chain mail        |    28 |    86 ||   114
Dodge: Dodged            |    16 |    37 ||    53
Block: Shield            |    36 |    78 ||   114
       Rpst.: Long sword |     3 |    10 ||    13

Table legend:
 A = Non-vault XP
 B = Vault XP
 C = Vault XP percentage of total XP
 D = Non-vault monster count
 E = Vault monster count
 F = Vault count percentage of total count
                 A         B        C        D         E       F
            +---------+---------+-------+---------+---------+-------
      Total |     426 |       0 |   0.0 |      57 |       0 |   0.0
            +---------+---------+-------+---------+---------+-------
        D:1 |      26 |       0 |   0.0 |      13 |       0 |   0.0
        D:2 |     273 |       0 |   0.0 |      21 |       0 |   0.0
        D:3 |     127 |       0 |   0.0 |      23 |       0 |   0.0
            +---------+---------+-------+---------+---------+-------
